 Dungeon Crawl Stone Soup version 0.28.0-1-gb440e238dd (webtiles) character file.

Game seed: 1693970627568702882

7 AlmostDecent the Shield-Bearer (level 2, 24/24 HPs)
             Began as a Formicid Fighter on Feb 19, 2022.
             Was a Follower of Elyvilon.
             Quit the game on level 1 of the Dungeon.
             The game lasted 00:00:35 (244 turns).

AlmostDecent the Shield-Bearer (Formicid Fighter)    Turns: 244, Time: 00:00:35

Health: 24/24      AC:  6    Str: 20    XL:     2   Next: 10%
Magic:  2/2        EV:  9    Int:  7    God:    Elyvilon [*.....]
Gold:   0          SH:  4    Dex: 10    Spells: 1/1 levels left

rFire   . . .      SeeInvis +   a - +0 war axe
rCold   . . .      Faith    .   c - +0 buckler
rNeg    . . .      Spirit   .   b - +0 scale mail
rPois   .          Reflect  .   (helmet unavailable)
rElec   .          Harm     .   (no cloak)
rCorr   .          Rampage  .   (no gloves)
Will    .....                   (no boots)
Stlth   ..........              (no amulet)
HPRegen 0.08/turn               (no ring)
MPRegen 0.08/turn               (no ring)

@: no status effects
A: permanent stasis, dig shafts and tunnels, antennae 3, four strong arms
a: Dig, Shaft Self, Renounce Religion, Purification


You were on level 1 of the Dungeon.
You worshipped Elyvilon.
Elyvilon was aware of your devotion.
You visited 1 branch of the dungeon, and saw 1 of its levels.

Inventory:

Hand Weapons
 a - a +0 war axe (weapon)
Armour
 b - a +0 scale mail (worn)
 c - a +0 buckler (worn)
Potions
 d - a potion of might


   Skills:
 + Level 3.4 Fighting
 + Level 2.1 Axes
 + Level 3.4 Armour
 + Level 3.8 Shields


You had one spell level left.
You didn't know any spells.
Your spell library was empty.

Dungeon Overview and Level Annotations

Branches:
Dungeon (1/15)

Altars:
Elyvilon


Innate Abilities, Weirdness & Mutations

You cannot be hasted, slowed, berserked, paralysed or teleported.
You can dig through walls and to a lower floor.
You have a pair of large antennae on your head. (SInv)
Your four strong arms can wield two-handed weapons with a shield.


Message History

You hit the rat.
The rat is severely wounded.
The rat bites you but does no damage.
You barely miss the rat.
The rat is severely wounded.
The rat bites you but does no damage. The rat completely misses you.
You slash the rat!
You kill the rat!
No target in view!
No target in view!
You sense a monster nearby.
An endoplasm comes into view.
The endoplasm quivers.
The endoplasm freezes you.
You are frozen.
You slash the endoplasm!
You kill the endoplasm!
No target in view!
Key pressed, stopping explore.
No target in view!
A rat comes into view.
A giant cockroach comes into view.
Found a scale mail.
Found a faded altar of an unknown god.
The rat barely misses you.
You barely miss the rat. The rat barely misses you. The rat closely misses you.
You slash the rat!
You kill the rat!
You hit the giant cockroach. You block the giant cockroach's attack.
You have reached level 2!
You slash the giant cockroach!
You kill the giant cockroach!
No target in view!
No target in view!
You see here a +0 scale mail.
There is a faded altar of an unknown god here.
You cannot tell which god this altar belongs to.
Convert to them anyway?
Elyvilon accepts your prayer! Elyvilon welcomes you!
You can now purify yourself.
Are you sure you want to abandon this character and quit the game? (Confirm with "yes".)

#............##...
#...........###...
#...........# ####
#..........####
#............####
##........###.[...
#..........#######
#..........#
#@.........#
#..........#
#..........#
##........##
##......##
########


There were no monsters in sight!

Vanquished Creatures
  An endoplasm (D:1)
  2 giant cockroaches (D:1)
  A hobgoblin (D:1)
  3 rats (D:1)
7 creatures vanquished.

Notes
Turn   | Place    | Note
-------+----------+-------------------------------------------
     0 | D:1      | AlmostDecent the Formicid Fighter began the quest for the
                  | Orb.
     0 | D:1      | Reached XP level 1. HP: 18/18 MP: 1/1
   219 | D:1      | Found a faded altar of an unknown god.
   222 | D:1      | Reached XP level 2. HP: 24/24 MP: 2/2
   243 | D:1      | Prayed at the altar of an unknown god.
   243 | D:1      | Became a worshipper of Elyvilon the Healer
   243 | D:1      | Reached * piety under Elyvilon
   244 | D:1      | Quit the game

Illustrated notes

Levels and vault maps discovered:
D:1:      lemuel_arrival_lava_pool, layout_rooms, basic_ecumenical_altar,
          minmay_worlds_worst_comb

Action                   || total
-------------------------++-------
Melee: War axe           ||    18
Armor: Scale mail        ||     5
Dodge: Dodged            ||    10
Block: Buckler           ||     6
